3AAA
NAPERVILLE BATTLEKINGS @ TREMONT DOUBLEDAYS
05/13/2026
 
TOP OF THE 1ST
Naperville Battlekings batting - Pitching for Tremont Doubledays : RHP Lorenzo Fabián
Pitching: RHP Lorenzo Fabián
Batting: LHB Ricardo Collazo 0-0: Ball
1-0: Foul Ball, location: 2F
1-1: Swinging Strike
1-2: Ball
2-2: Strikes out looking
Batting: LHB Roberto Veliz 0-0: Called Strike
0-1: Ground out 4-3 (Groundball, 4M)
Batting: RHB Jorge Baker 0-0: Called Strike
0-1: Swinging Strike
0-2: Foul Ball, location: 2F
0-2: Ball
1-2: Ball
2-2: Ball
3-2: Base on Balls
Batting: LHB Jim Unknown 0-0: Foul Ball, location: 2F
0-1: Foul Ball, location: 2F
0-2: Ground out 1-3 (Groundball, 13S)
Top of the 1st over - 0 run(s), 0 hit(s), 0 error(s), 1 left on base; Naperville 0 - Tremont 0
BOTTOM OF THE 1ST
Tremont Doubledays batting - Pitching for Naperville Battlekings : LHP Dan Crowder
Pitching: LHP Dan Crowder
Batting: RHB José Cervantes 0-0: Swinging Strike
0-1: Ball
1-1: Foul Ball, location: 2F
1-2: Strikes out swinging
Batting: RHB Jim Unknown 0-0: Called Strike
0-1: Foul Ball, location: 2F
0-2: Ball
1-2: Ball
2-2: SINGLE (Groundball, 4D)
Batting: RHB Menno van de Vlugt 0-0: Foul Ball, location: 2F
0-1: Swinging Strike
0-2: Ball
1-2: Strikes out looking
Batting: LHB Jim Unknown 0-0: Ball
1-0: Foul Ball, location: 2F
1-1: SINGLE (Groundball, 4MD)
Jim Unknown to second
Runner from 2nd tries for 3rd, SAFE, no throw
Batting: RHB Jim Unknown 0-0: Ball
1-0: Ball
2-0: Swinging Strike
2-1: Foul Ball, location: 2F
2-2: Strikes out swinging passed ball, reaches first!
Jim Unknown scores
Jim Unknown to second
Batting: RHB Jim Unknown 0-0: Called Strike
0-1: Ball
1-1: Fielders Choice at 2nd, 5-4 (Groundball, 56)
Bottom of the 1st over - 1 run(s), 2 hit(s), 0 error(s), 1 left on base; Naperville 0 - Tremont 1
TOP OF THE 2ND
Naperville Battlekings batting - Pitching for Tremont Doubledays : RHP Lorenzo Fabián
Batting: LHB Naohiro Sakai 0-0: Swinging Strike
0-1: Foul Ball, location: 2F
0-2: Ball
1-2: Foul Ball, location: 2F
1-2: Ground out 3-1 (Groundball, 34)
Batting: RHB António Guzmán 0-0: Ball
1-0: Called Strike
1-1: SINGLE (Line Drive, 4D)
Batting: LHB Cristo Ramírez 0-0: Swinging Strike
0-1: Ball
1-1: Fly out, F8 (Flyball, 89D)
Batting: RHB Jimmy Dawson 0-0: Ball
1-0: Ball
2-0: Called Strike
2-1: Foul Ball, location: 2F
2-2: Ball
3-2: Strikes out swinging
Top of the 2nd over - 0 run(s), 1 hit(s), 0 error(s), 1 left on base; Naperville 0 - Tremont 1
BOTTOM OF THE 2ND
Tremont Doubledays batting - Pitching for Naperville Battlekings : LHP Dan Crowder
Batting: LHB Jim Unknown 0-0: Called Strike
0-1: Ball
1-1: Ball
2-1: Swinging Strike
2-2: Strikes out looking
Batting: LHB Jim Unknown 0-0: Fly out, F8 (Flyball, 78S)
Batting: LHB Jim Unknown 0-0: SINGLE (Groundball, 3D)
Batting: RHB José Cervantes 0-0: Called Strike
Jim Unknown steals 2nd base
0-1: Ball
1-1: Ground out 4-3 (Groundball, 4)
Bottom of the 2nd over - 0 run(s), 1 hit(s), 0 error(s), 1 left on base; Naperville 0 - Tremont 1
TOP OF THE 3RD
Naperville Battlekings batting - Pitching for Tremont Doubledays : RHP Lorenzo Fabián
Batting: RHB Álex Rodríguez 0-0: Ground out 6-3 (Groundball, 6)
Batting: LHB Ricardo Collazo 0-0: Ball
1-0: Called Strike
1-1: Foul Ball, location: 2F
1-2: Strikes out swinging
Batting: LHB Roberto Veliz 0-0: Ball
1-0: Ball
2-0: Ball
3-0: Base on Balls
Batting: RHB Jorge Baker 0-0: Ball
Throwing error on steal attempt, E2
Roberto Veliz to third
1-0: Foul Ball, location: 2F
1-1: SINGLE (Groundball, 56D)
Roberto Veliz scores
Batting: LHB Jim Unknown 0-0: Swinging Strike
0-1: Fielders Choice at 2nd, 4-6 (Groundball, 4)
Top of the 3rd over - 1 run(s), 1 hit(s), 1 error(s), 0 left on base; Naperville 1 - Tremont 1
BOTTOM OF THE 3RD
Tremont Doubledays batting - Pitching for Naperville Battlekings : LHP Dan Crowder
Batting: RHB Jim Unknown 0-0: Fly out, F2 (Popup, 25)
Batting: RHB Menno van de Vlugt 0-0: SINGLE (Groundball, 6D)
Batting: LHB Jim Unknown 0-0: Grounds into double play, 4-6-3 (Groundball, 34)
Bottom of the 3rd over - 0 run(s), 1 hit(s), 0 error(s), 0 left on base; Naperville 1 - Tremont 1
TOP OF THE 4TH
Naperville Battlekings batting - Pitching for Tremont Doubledays : RHP Lorenzo Fabián
Batting: LHB Naohiro Sakai 0-0: Ground out 4-3 (Groundball, 4)
Batting: RHB António Guzmán 0-0: Ball
1-0: Swinging Strike
1-1: Fly out, F9 (Flyball, 9LM)
Batting: LHB Cristo Ramírez 0-0: Ball
1-0: Ball
2-0: Ball
3-0: Base on Balls
Batting: RHB Jimmy Dawson 0-0: Called Strike
0-1: Ball
1-1: Ball
2-1: Swinging Strike
2-2: Foul Ball, location: 2F
2-2: Fly out, F7 (Flyball, 7)
Top of the 4th over - 0 run(s), 0 hit(s), 0 error(s), 1 left on base; Naperville 1 - Tremont 1
BOTTOM OF THE 4TH
Tremont Doubledays batting - Pitching for Naperville Battlekings : LHP Dan Crowder
Batting: RHB Jim Unknown 0-0: Called Strike
0-1: Ball
1-1: Ball
2-1: Ball
3-1: SINGLE (Line Drive, 8LS)
Batting: RHB Jim Unknown 0-0: SINGLE (Groundball, 6MD)
Jim Unknown to second
Batting: LHB Jim Unknown 0-0: Ball
1-0: Ball
2-0: Ball
3-0: Called Strike
3-1: Called Strike
3-2: Base on Balls
Jim Unknown to third
Jim Unknown to second
Batting: LHB Jim Unknown 0-0: Ball
1-0: Foul Ball, location: 2F
1-1: Ball
2-1: Ball
3-1: SINGLE (Line Drive, 7S)
Jim Unknown scores
Jim Unknown to third
Jim Unknown to second
Runner from 3rd tries for Home, SAFE, throw made at trailing runner, SAFE at third!
Batting: LHB Jim Unknown 0-0: Called Strike
0-1: Called Strike
0-2: Foul Ball, location: 2F
0-2: SINGLE (Groundball, 34) (infield hit)
Jim Unknown scores
Jim Unknown to second
Batting: RHB José Cervantes 0-0: Ball
1-0: Called Strike
1-1: SINGLE (Line Drive, 6D)
Jim Unknown to third
Jim Unknown to second
Runner from 3rd tries for Home, throw and OUT!
Jim Unknown to third
José Cervantes to second
Batting: RHB Jim Unknown 0-0: Ball
1-0: DOUBLE (Flyball, 8LD)
Jim Unknown scores
José Cervantes scores
Batting: RHB Menno van de Vlugt 0-0: Ball
1-0: Swinging Strike
1-1: Ground out 6-3 (Groundball, 6)
Batting: LHB Jim Unknown 0-0: Ball
1-0: Foul Ball, location: 2F
1-1: Ball
2-1: Ground out 4-3 (Groundball, 4)
Bottom of the 4th over - 5 run(s), 6 hit(s), 0 error(s), 1 left on base; Naperville 1 - Tremont 6
TOP OF THE 5TH
Naperville Battlekings batting - Pitching for Tremont Doubledays : RHP Lorenzo Fabián
Batting: RHB Álex Rodríguez 0-0: Called Strike
0-1: Ball
1-1: Ball
2-1: Ball
3-1: Foul Ball, location: 2F
3-2: Strikes out swinging
Batting: LHB Ricardo Collazo 0-0: Called Strike
0-1: Ball
1-1: Ball
2-1: Ball
3-1: Foul Ball, location: 2F
3-2: Foul Ball, location: 2F
3-2: Foul Ball, location: 2F
3-2: Foul Ball, location: 2F
3-2: Strikes out swinging
Batting: LHB Roberto Veliz 0-0: SINGLE (Line Drive, 3D)
Batting: RHB Jorge Baker 0-0: Fly out, F8 (Flyball, 8LS)
Top of the 5th over - 0 run(s), 1 hit(s), 0 error(s), 1 left on base; Naperville 1 - Tremont 6
BOTTOM OF THE 5TH
Tremont Doubledays batting - Pitching for Naperville Battlekings : LHP Dan Crowder
Batting: RHB Jim Unknown 0-0: Ball
1-0: Foul Ball, location: 2F
1-1: Ball
2-1: Swinging Strike
2-2: Ground out 6-3 (Groundball, 6)
Batting: RHB Jim Unknown 0-0: Foul Ball, location: 2F
0-1: Ball
1-1: Ground out U3 (Groundball, 34)
Batting: LHB Jim Unknown 0-0: SINGLE (Line Drive, 56D)
Batting: LHB Jim Unknown 0-0: Called Strike
0-1: Foul Ball, location: 2F
0-2: Ball
1-2: Ground out 4-3 (Groundball, 34S)
Bottom of the 5th over - 0 run(s), 1 hit(s), 0 error(s), 1 left on base; Naperville 1 - Tremont 6
TOP OF THE 6TH
Naperville Battlekings batting - Pitching for Tremont Doubledays : RHP Lorenzo Fabián
Batting: LHB Jim Unknown 0-0: Ball
1-0: Ball
2-0: Fly out, F9 (Flyball, 9LS)
Batting: LHB Naohiro Sakai 0-0: Called Strike
0-1: Ball
1-1: Foul Ball, location: 2F
1-2: Foul Ball, location: 2F
1-2: Ball
2-2: Foul Ball, location: 2F
2-2: Foul Ball, location: 2F
2-2: Ball
3-2: Foul Ball, location: 2F
3-2: Base on Balls
Batting: RHB António Guzmán 0-0: Fly out, F9 (Flyball, 89M)
Batting: LHB Cristo Ramírez 0-0: Ground out 6-3 (Groundball, 56D)
Top of the 6th over - 0 run(s), 0 hit(s), 0 error(s), 1 left on base; Naperville 1 - Tremont 6
BOTTOM OF THE 6TH
Tremont Doubledays batting - Pitching for Naperville Battlekings : LHP Dan Crowder
Pitching: RHP Juan Martínez
Batting: LHB Jim Unknown 0-0: Ground out U3 (Groundball, 34)
Batting: RHB José Cervantes 0-0: Called Strike
0-1: Called Strike
0-2: Ball
1-2: Ball
2-2: Ball
3-2: Strikes out swinging
Batting: RHB Jim Unknown 0-0: Ball
1-0: SINGLE (Groundball, 6D)
Batting: RHB Menno van de Vlugt 0-0: Ball
1-0: Called Strike
1-1: Fielders Choice at 2nd, U4 (Groundball, 4M)
Bottom of the 6th over - 0 run(s), 1 hit(s), 0 error(s), 1 left on base; Naperville 1 - Tremont 6
TOP OF THE 7TH
Naperville Battlekings batting - Pitching for Tremont Doubledays : RHP Lorenzo Fabián
Batting: RHB Jimmy Dawson 0-0: Ball
1-0: Ball
2-0: Called Strike
2-1: Called Strike
2-2: Ball
3-2: SINGLE (Line Drive, 89M)
Batting: RHB Álex Rodríguez 0-0: Ball
1-0: Called Strike
Jimmy Dawson steals 2nd base
1-1: DOUBLE (Flyball, 78XD)
Jimmy Dawson scores
Batting: LHB Ricardo Collazo 0-0: Ball
1-0: Reached on error, E7 (Flyball, 7)
Álex Rodríguez to third
Batting: LHB Roberto Veliz 0-0: Ball
1-0: Called Strike
Ricardo Collazo steals 2nd base
1-1: Called Strike
1-2: Strikes out looking
Batting: RHB Jorge Baker 0-0: Called Strike
0-1: Ball
1-1: Called Strike
1-2: Strikes out swinging
Batting: LHB Jim Unknown 0-0: Called Strike
0-1: Foul Ball, location: 2F
0-2: SINGLE (Flyball, 7S)
Álex Rodríguez scores
Ricardo Collazo to third
Runner from 3rd tries for Home, SAFE, no throw
Pitching: RHP Jim Unknown
Batting: LHB Naohiro Sakai 0-0: Ball
1-0: Ground out U3 (Groundball, 3S)
Top of the 7th over - 3 run(s), 3 hit(s), 1 error(s), 1 left on base; Naperville 4 - Tremont 6
BOTTOM OF THE 7TH
Tremont Doubledays batting - Pitching for Naperville Battlekings : RHP Juan Martínez
Batting: LHB Jim Unknown 0-0: Ball
1-0: Ball
2-0: Ground out 4-3 (Groundball, 4D)
Batting: RHB Jim Unknown 0-0: Called Strike
0-1: Swinging Strike
0-2: Ball
1-2: Foul Ball, location: 2F
1-2: SINGLE (Groundball, 4D)
Batting: RHB Jim Unknown 0-0: Foul Ball, location: 2F
0-1: Foul Ball, location: 2F
0-2: Foul Ball, location: 2F
0-2: Ball
1-2: Ball
2-2: Reached on error, E5 (Groundball, 56S)
Jim Unknown to second
Batting: LHB Jim Unknown 0-0: Called Strike
0-1: Ball
1-1: Foul Ball, location: 2F
1-2: Ball
2-2: Foul Ball, location: 2F
2-2: Ball
3-2: Base on Balls
Jim Unknown to third
Jim Unknown to second
Batting: LHB Jim Unknown 0-0: Called Strike
0-1: SINGLE (Groundball, 34D)
Jim Unknown scores
Jim Unknown to third
Jim Unknown to second
Runner from 3rd tries for Home, throw and OUT!
Batting: LHB Jim Unknown 0-0: Ball
1-0: Ball
2-0: SINGLE (Groundball, 34D)
Jim Unknown to third
Jim Unknown to second
Runner from 3rd tries for Home, SAFE, no throw
Batting: RHB José Cervantes 0-0: Swinging Strike
0-1: Ball
1-1: SINGLE (Groundball, 5D)
Jim Unknown to third
Jim Unknown to second
Runner from 3rd tries for Home, SAFE, no throw
Pitching: RHP Willis Parker
Batting: RHB Jim Unknown 0-0: Swinging Strike
0-1: Ball
1-1: Ball
2-1: Ball
3-1: Called Strike
3-2: Base on Balls
Jim Unknown to third
José Cervantes to second
Batting: RHB Menno van de Vlugt 0-0: Called Strike
0-1: Ball
1-1: Fielders Choice at 2nd, 5-4 (Groundball, 56)
Bottom of the 7th over - 3 run(s), 4 hit(s), 1 error(s), 2 left on base; Naperville 4 - Tremont 9
TOP OF THE 8TH
Naperville Battlekings batting - Pitching for Tremont Doubledays : RHP Jim Unknown
Batting: RHB António Guzmán 0-0: Swinging Strike
0-1: Called Strike
0-2: Strikes out swinging
Batting: LHB Cristo Ramírez 0-0: Foul Ball, location: 2F
0-1: Swinging Strike
0-2: Strikes out swinging
Batting: RHB Jimmy Dawson 0-0: Called Strike
0-1: Ball
1-1: Ball
2-1: Ball
3-1: Foul Ball, location: 2F
3-2: Foul Ball, location: 2F
3-2: Base on Balls
Batting: RHB Álex Rodríguez 0-0: Called Strike
0-1: Ball
1-1: Ground out 6-3 (Groundball, 6S)
Top of the 8th over - 0 run(s), 0 hit(s), 0 error(s), 1 left on base; Naperville 4 - Tremont 9
BOTTOM OF THE 8TH
Tremont Doubledays batting - Pitching for Naperville Battlekings : RHP Willis Parker
Batting: LHB Jim Unknown 0-0: Ground out 6-3 (Groundball, 6)
Batting: RHB Jim Unknown 0-0: Ball
1-0: Called Strike
1-1: Foul Ball, location: 2F
1-2: Ball
2-2: Strikes out looking
Batting: RHB Jim Unknown 0-0: Ball
1-0: Swinging Strike
1-1: Ball
2-1: Ball
3-1: SOLO HOME RUN (Line Drive, 7D), Distance : 408 ft
Batting: LHB Jim Unknown 0-0: Called Strike
0-1: Foul Ball, location: 2F
0-2: Ball
1-2: Ball
2-2: Ground out 1-3 (Groundball, 13)
Bottom of the 8th over - 1 run(s), 1 hit(s), 0 error(s), 0 left on base; Naperville 4 - Tremont 10
TOP OF THE 9TH
Naperville Battlekings batting - Pitching for Tremont Doubledays : RHP Jim Unknown
Batting: LHB Ricardo Collazo 0-0: Ball
1-0: Ball
2-0: Ball
3-0: Base on Balls
Batting: LHB Roberto Veliz 0-0: Foul Ball, location: 2F
0-1: Foul Ball, location: 2F
0-2: Ball
1-2: Foul Ball, location: 2F
1-2: Fielders Choice at 2nd, 4-6 (Groundball, 34)
Batting: RHB Jorge Baker 0-0: Ball
1-0: Foul Ball, location: 2F
1-1: Called Strike
1-2: Foul Ball, location: 2F
1-2: DOUBLE (Flyball, 89M)
Roberto Veliz to third
Batting: LHB Jim Unknown 0-0: Called Strike
0-1: Ground out 4-3 (Groundball, 4M)
Roberto Veliz scores
Jorge Baker to third
Pitching: RHP Jim Unknown
Batting: LHB Naohiro Sakai 0-0: Called Strike
0-1: 2-RUN HOME RUN (Flyball, 9D), Distance : 403 ft
Batting: RHB António Guzmán 0-0: Ball
1-0: Called Strike
1-1: Foul Ball, location: 2F
1-2: SINGLE (Groundball, 6MD)
Batting: LHB Cristo Ramírez 0-0: Ball
1-0: Foul Ball, location: 2F
1-1: Ball
2-1: Ball
3-1: Base on Balls
António Guzmán to second
Pinch Hitting: RHB Jim Unknown 0-0: Foul Ball, location: 2F
0-1: Ball
1-1: Ball
2-1: Foul Ball, location: 2F
2-2: Ground out 5-3 (Groundball, 56S)
Top of the 9th over - 3 run(s), 3 hit(s), 0 error(s), 2 left on base; Naperville 7 - Tremont 10
Monday, March 20th, 2017 - OOTP Baseball 17.12 Build 75